[Event "Team 45 45 League T52"]
[Site "Internet Chess Club"]
[Date "2012.04.15"]
[Round "9"]
[White "BlazekaMatej"]
[Black "VillaBallester"]
[Result "1/2-1/2"]
[WhiteElo "2186"]
[BlackElo "2109"]
[Opening "Sicilian: Najdorf"]
[ECO "B90"]
[Time "14:01:40"]
[TimeControl "2700+45"]

1. e4 c5 2. Nf3 d6 3. d4 cxd4 4. Nxd4 Nf6 5. Nc3 a6 6. f3 g6 7. Be3 Bg7 8. Qd2
Nbd7 9. O-O-O b5 10. g4 Bb7 11. h4 Nb6 12. h5 Rg8 13. hxg6 hxg6 14. Bh6 Bh8 15.
Be2 Rc8 16. a3 Nfd7 17. Kb1 Qc7 18. Be3 Ne5 19. Ndxb5 axb5 20. Nxb5 Qc6 21. Na7
Nbc4 22. Bxc4 Nxc4 23. Qd3 Qa6 24. Nxc8 Bxc8 25. Bd4 Bxd4 26. Qxd4 Be6 {Game
drawn by mutual agreement} 1/2-1/2

[Event "Team 45 45 League T52"]
[Site "Internet Chess Club"]
[Date "2012.04.15"]
[Round "9"]
[White "robertoalvarez"]
[Black "L0-VE"]
[Result "1-0"]
[WhiteElo "2131"]
[BlackElo "1967"]
[Opening "King's Indian: Averbakh system"]
[ECO "E73"]
[Time "17:00:37"]
[TimeControl "2700+45"]

1. d4 Nf6 2. c4 g6 3. Nc3 Bg7 4. e4 d6 5. Be2 O-O 6. Bg5 h6 7. Be3 e5 8. d5 Nh7
9. Qd2 f5 10. exf5 Bxf5 11. Bxh6 Na6 12. Be3 Nb4 13. Rc1 Nf6 14. a3 Na6 15. b4
c6 16. dxc6 bxc6 17. c5 d5 18. Bxa6 d4 19. Bc4+ Kh7 20. Bg5 dxc3 21. Qxc3 Ne4
22. Bxd8 Nxc3 23. Bc7 Nb1 24. a4 Bh6 25. Rd1 Nc3 26. Ra1 Rfe8 27. Ne2 Rac8 28.
Ba5 Ne4 29. Rd1 Re7 30. f3 Ng5 31. h4 Nf7 32. h5 gxh5 33. Rxh5 Bg6 34. Rh4 Kg7
35. Rg4 Kh7 36. Bd3 Bxd3 37. Rxd3 Ng5 38. Ng3 Rce8 39. Bd8 Rg7 40. Nf5 e4 41.
Nxg7 {Black resigns} 1-0

[Event "Team 45 45 League T52"]
[Site "Internet Chess Club"]
[Date "2012.04.16"]
[Round "9"]
[White "pudge"]
[Black "tryanything"]
[Result "0-1"]
[WhiteElo "1545"]
[BlackElo "1584"]
[Opening "Ruy Lopez: exchange variation"]
[ECO "C68"]
[Time "19:10:35"]
[TimeControl "2700+45"]

1. e4 e5 2. Nf3 Nc6 3. Bb5 a6 4. Bxc6 dxc6 5. d3 Bd6 6. Be3 c5 7. Nbd2 Nf6 8. h3
Be6 9. O-O h6 10. c3 Nd7 11. Nh2 O-O 12. f4 exf4 13. Bxf4 Bxf4 14. Rxf4 Qg5 15.
Rf2 Ne5 16. Ndf3 Nxf3+ 17. Qxf3 Rad8 18. b3 Qe5 19. Rc1 c6 20. Nf1 f5 21. Ne3
fxe4 22. Qxe4 Qxe4 23. Rxf8+ Kxf8 24. dxe4 Rd2 25. Rc2 Rd3 26. Kf2 Ke7 27. Ke2
Rd8 28. Rd2 Rf8 29. Nf1 c4 30. b4 b5 31. Ng3 Rc8 32. Ke3 c5 33. a3 cxb4 34. axb4
Rd8 35. Rxd8 Kxd8 36. Kd4 Kc7 37. Nf5 Bxf5 38. exf5 Kd8 39. Kd5 Kd7 40. g4 Kc7
41. h4 Kd7 42. Ke5 Ke7 43. g5 hxg5 44. hxg5 a5 45. bxa5 b4 46. a6 bxc3 47. a7 c2
48. a8=Q c1=Q 49. Qb7+ Kf8 50. Qc8+ Ke7 51. f6+ gxf6+ 52. gxf6+ Kf7 53. Qe6+ Kg6
54. Qf5+ Kh6 55. Qh3+ Kg6 56. Qf5+ Kh6 57. f7 Qb2+ 58. Kd6 Qb6+ 59. Kd7 Qb7+ 60.
Kd8 Qb8+ 61. Kd7 Qb7+ 62. Kd6 Qb6+ 63. Ke7 Qb4+ 64. Kf6 Qb2+ 65. Ke7 Qb4+ 66.
Ke8 Qb8+ 67. Kd7 Qb7+ 68. Kd6 Qb6+ 69. Ke7 Qb4+ 70. Ke8 Qb8+ 71. Kd7 Qb7+ 72.
Kd8 Qb8+ 73. Ke7 Qb4+ 74. Kf6 Qb2+ 75. Ke6 Qb6+ 76. Kd7 Qb7+ {White resigns} 0-1

[Event "Team 45 45 League T52"]
[Site "Internet Chess Club"]
[Date "2012.04.14"]
[Round "9"]
[White "nanning"]
[Black "spongenotbob"]
[Result "1-0"]
[WhiteElo "1599"]
[BlackElo "1735"]
[Opening "QGD Slav: 4.e3 Bf5"]
[ECO "D12"]
[Time "03:30:09"]
[TimeControl "2700+45"]

1. d4 c6 2. c4 d5 3. Nf3 Nf6 4. e3 Bf5 5. Nc3 e6 6. Nh4 Bg6 7. Qb3 Qb6 8. Bd2
Qxb3 9. axb3 Bc2 10. cxd5 exd5 11. Na4 Bxb3 12. Nc5 Bxc5 13. dxc5 Ne4 14. Bb4
Nd7 15. Rc1 Ke7 16. f3 a5 17. Ba3 Ng5 18. Nf5+ Kf6 19. Bd3 Ne5 20. Bb1 Nc4 21.
Kf2 Rhe8 22. h4 Ne6 23. g4 h6 24. f4 g5 25. hxg5+ {Black resigns} 1-0

[Event "Team 45 45 League T52"]
[Site "Internet Chess Club"]
[Date "2012.04.16"]
[Round "9"]
[White "medsurg"]
[Black "JohLeb"]
[Result "1-0"]
[WhiteElo "1436"]
[BlackElo "1400"]
[Opening "QGD Slav: 4.Nc3"]
[ECO "D15"]
[Time "19:21:26"]
[TimeControl "2700+45"]

1. d4 d5 2. c4 c6 3. Nf3 Nf6 4. Nc3 Bg4 5. Qb3 Qd7 6. Ne5 Qc7 7. cxd5 Bh5 8.
dxc6 Nxc6 9. Nxc6 Qxc6 10. e3 a6 11. Qa4 Qxa4 12. Nxa4 b5 13. Nc5 e6 14. Bd2 Be7
15. a4 Bxc5 16. dxc5 O-O 17. axb5 axb5 18. Rxa8 Rxa8 19. f3 Rb8 20. b4 Nd5 21.
e4 Nc7 22. Be2 Rd8 23. Bc3 f6 24. Kf2 e5 25. Ra1 Rb8 26. Ra7 Ne6 27. c6 Rc8 28.
Bxb5 Be8 29. Bd2 Nd4 30. Bc4+ Kf8 31. b5 Nxc6 32. bxc6 Bxc6 33. Bb4+ Ke8 34.
Bf7+ {Black resigns} 1-0

[Event "Team 45 45 League T52"]
[Site "Internet Chess Club"]
[Date "2012.04.14"]
[Round "9"]
[White "theartist"]
[Black "mattphelps"]
[Result "1/2-1/2"]
[WhiteElo "1224"]
[BlackElo "1499"]
[Opening "Queen's pawn game"]
[ECO "E10"]
[Time "19:32:39"]
[TimeControl "2700+45"]

1. d4 Nf6 2. c4 e6 3. Nf3 c5 4. e3 d5 5. Nc3 cxd4 6. exd4 Nc6 7. Bg5 Be7 8. Bd3
O-O 9. O-O h6 10. Bh4 b6 11. a3 Bb7 12. cxd5 Nxd5 13. Nxd5 Bxh4 14. Ne3 Bf6 15.
Nc2 Rc8 16. Be2 a5 17. b4 e5 18. dxe5 Qxd1 19. Raxd1 Nxe5 20. Nxe5 Bxe5 21. Ne3
Rfd8 22. Rxd8+ Rxd8 23. Nc4 Bc7 24. Rd1 Ba6 25. Rxd8+ Bxd8 26. Kf1 Bc7 27. h3
Kf8 28. Ne3 Bb7 29. Bc4 {Game drawn by mutual agreement} 1/2-1/2

[Event "Team 45 45 League T52"]
[Site "Internet Chess Club"]
[Date "2012.04.17"]
[Round "9"]
[White "Juan73"]
[Black "moomaster"]
[Result "1/2-1/2"]
[WhiteElo "1678"]
[BlackElo "1644"]
[Opening "Caro-Kann: exchange variation"]
[ECO "B13"]
[Time "20:00:49"]
[TimeControl "2700+45"]

1. e4 c6 2. d4 d5 3. exd5 cxd5 4. Nc3 Nf6 5. Bg5 Nc6 6. Nf3 Bg4 7. Bb5 e6 8. h3
Bxf3 9. Qxf3 Be7 10. O-O h6 11. Be3 a6 12. Be2 Qb6 13. Na4 Qb4 14. b3 Nxd4 15.
Bxd4 Qxd4 16. c4 O-O 17. Rac1 Rac8 18. Rfd1 Qa7 19. Nc3 dxc4 20. Bxc4 b5 21. Bd3
Rfd8 22. Ne4 Nxe4 23. Qxe4 Bc5 24. Qh7+ Kf8 25. Qh8+ Ke7 26. Qxg7 Bxf2+ 27. Kh2
Rxc1 28. Rxc1 Rxd3 29. Qg4 Qb8+ 30. Kh1 Qd6 31. Rf1 Bd4 32. Qh4+ Ke8 33. Qxh6
Rg3 34. Qh7 Qf8 35. Qh4 Qg7 36. Qe4 Rc3 37. Qa8+ Kd7 38. Qxa6 Rc5 39. Rd1 Qe5
40. Qa7+ Ke8 41. Qa8+ Ke7 42. Qa7+ Kf8 43. Qa8+ Kg7 44. Qf3 f5 45. Qh5 Rd5 46.
Qh4 Qf6 47. Qg3+ Qg6 48. Qc7+ Kh6 49. Qf4+ Qg5 50. Rxd4 Qxf4 51. Rxf4 Kg5 52.
Rf2 e5 53. g3 e4 54. Kg2 e3 55. Re2 f4 56. Kf3 Rd4 57. h4+ Kf5 58. gxf4 Rxf4+
59. Kxe3 Rxh4 60. Kd3 b4 61. Rc2 Ke5 62. Rc5+ Kd6 63. Rc4 Rh3+ 64. Kc2 Rh2+ 65.
Kb1 Rh1+ 66. Kb2 Rh2+ 67. Rc2 Rxc2+ 68. Kxc2 Kc5 69. Kd3 Kd5 70. Ke3 Ke5 71. Kd3
Kd5 72. Ke3 Ke5 73. Kd3 Kd5 74. Ke3 Ke5 75. Kd3 Kd5 {Game drawn by repetition}
1/2-1/2

[Event "Team 45 45 League T52"]
[Site "Internet Chess Club"]
[Date "2012.04.15"]
[Round "9"]
[White "Tjet"]
[Black "samjalex87"]
[Result "0-1"]
[WhiteElo "1469"]
[BlackElo "1088"]
[Opening "English, 1...Nf6 (Anglo-Indian defense)"]
[ECO "A15"]
[Time "16:23:07"]
[TimeControl "2700+45"]

1. c4 Nf6 2. g3 e6 3. Bg2 Nc6 4. Nc3 d5 5. cxd5 Nxd5 6. a3 Be7 7. d3 O-O 8. e3
Qd7 9. Nge2 Rd8 10. Nxd5 exd5 11. d4 Qd6 12. Nf4 Be6 13. Nxe6 Qxe6 14. O-O Na5
15. Qc2 Rac8 16. Bd2 Nc4 17. Bb4 b6 18. Bxe7 Qxe7 19. a4 c5 20. dxc5 Qe5 21. Qc3
Qxc3 22. bxc3 bxc5 23. Rfd1 d4 24. cxd4 cxd4 25. Rxd4 Rxd4 26. exd4 Nb2 27. d5
Kf8 28. a5 Ke7 29. h4 Kd6 30. Be4 g6 31. a6 f5 32. Ra3 fxe4 33. Rb3 Nc4 34. f4
Rc7 35. g4 Kxd5 36. f5 gxf5 37. gxf5 Rf7 38. Rb7 Ne5 39. Rb5+ Kd4 40. f6 Rxf6
41. Rb7 Rf7 42. Rb4+ Ke3 43. Rb3+ Kf4 44. h5 Ng4 45. h6 Nxh6 46. Rb7 Kf3 47.
Rb3+ e3 48. Kf1 Ng4 49. Ke1 h5 50. Rb7 Ne5 51. Rb5 Re7 52. Kf1 h4 53. Rb7 Nc6
54. Rb3 h3 55. Kg1 Rh7 56. Kh2 Kf2 57. Rb2+ e2 58. Rc2 Kf1 59. Rxc6 e1=Q 60.
Rf6+ Qf2+ 61. Rxf2+ Kxf2 62. Kh1 Kg3 63. Kg1 Rd7 {White resigns} 0-1

[Event "Team 45 45 League T52"]
[Site "Internet Chess Club"]
[Date "2012.04.14"]
[Round "9"]
[White "sockmonkey"]
[Black "dpmdpm"]
[Result "0-1"]
[WhiteElo "1391"]
[BlackElo "1555"]
[Opening "Trompowsky attack (Ruth, Opocenský opening)"]
[ECO "A45"]
[Time "09:03:38"]
[TimeControl "2700+45"]

1. d4 Nf6 2. Bg5 Ne4 3. Bf4 d5 4. f3 Nf6 5. Nc3 e6 6. e3 c5 7. Bb5+ Bd7 8. Nge2
Bxb5 9. Nxb5 Qa5+ 10. Nec3 Na6 11. Bd6 c4 12. Bxf8 Kxf8 13. b3 Rc8 14. Qd2 cxb3
15. axb3 Qxa1+ 16. Nd1 g6 17. Ke2 Qa2 18. Nxa7 Rxc2 {White resigns} 0-1

[Event "Team 45 45 League T52"]
[Site "Internet Chess Club"]
[Date "2012.04.15"]
[Round "9"]
[White "monkhammer"]
[Black "Docvan"]
[Result "0-1"]
[WhiteElo "1397"]
[BlackElo "1325"]
[Opening "Van't Kruijs opening"]
[ECO "A00"]
[Time "10:04:10"]
[TimeControl "2700+45"]

1. e3 d5 2. d4 Nf6 3. c4 e6 4. Nc3 Be7 5. b3 O-O 6. Bd3 c5 7. Nf3 cxd4 8. exd4
Bb4 9. Qc2 e5 10. Nxe5 dxc4 11. Nxc4 Nc6 12. O-O Nxd4 13. Qd2 Ne4 14. Bxe4 Bxc3
15. Qd3 f5 16. Bf3 Bxa1 17. Ba3 {White resigns} 0-1